 Dungeon Crawl Stone Soup version 0.30-a0-862-g1aabd4f9c5 (webtiles) character file.

Game seed: 6603516892055336384

517 retardedninja the Shield-Bearer (level 7, -2/60 HPs)
             Began as a Gnoll Fighter on Mar 8, 2023.
             Was an Initiate of Gozag.
             Slain by a black bear (10 damage)
             ... on level 4 of the Dungeon.
             The game lasted 00:06:00 (3926 turns).

retardedninja the Shield-Bearer (Gnoll Fighter)     Turns: 3926, Time: 00:06:01

Health: -2/60      AC: 10    Str: 17    XL:     7   Next: 20%
Magic:  10/10      EV:  6    Int:  7    God:    Gozag
Gold:   263        SH: 10    Dex: 12    Spells: 10/10 levels left

rFire   . . .      SeeInvis .    a - +0 war axe
rCold   . . .      Faith    .    r - +0 kite shield
rNeg    . . .      Spirit   .    q - +0 chain mail
rPois   .          Reflect  .    (no helmet)
rElec   .          Rampage  .    (no cloak)
rCorr   .                        (no gloves)
Will    .....                    (no boots) Stlth
                                 (no amulet)
HPRegen 0.30/turn                (no ring)
MPRegen 0.12/turn                (no ring)

@: gold aura, hasted, very quick
A: fangs 1, strong nose, distributed training
a: Renounce Religion, Potion Petition, Call Merchant, Bribe Branch


You were on level 4 of the Dungeon.
You worshipped Gozag.
Gozag was aware of your devotion.
You visited 2 branches of the dungeon, and saw 6 of its levels.

You collected 302 gold pieces.
You paid 39 gold pieces to Gozag.

Inventory:

Hand Weapons
 a - a +0 war axe (weapon)
Armour
 k - a +1 pair of gloves
 q - a +0 chain mail (worn)
 r - a +0 kite shield (worn)
Jewellery
 f - a ring of resist corrosion
Wands
 c - a wand of flame (11)
Scrolls
 g - a scroll of summoning {unknown}
 h - a scroll of poison {unknown}
 m - a scroll of enchant armour {unknown}
 p - a scroll of teleportation {unknown}
Potions
 b - 2 potions of heal wounds {unknown}
 d - a potion of might
 i - 3 potions of haste
 l - a potion of brilliance {unknown}
 n - a potion of attraction {unknown}
 o - a potion of mutation {unknown}


   Skills:
 + Level 7.0 Fighting
 + Level 2.4 Short Blades
 + Level 2.4 Long Blades
 + Level 5.2 Axes
 + Level 2.4 Maces & Flails
 + Level 2.4 Polearms
 + Level 2.4 Staves
 + Level 2.4 Ranged Weapons
 + Level 2.4 Throwing
 + Level 7.0 Armour
 + Level 2.4 Dodging
 + Level 2.4 Stealth
 + Level 7.0 Shields
 + Level 2.4 Unarmed Combat
 + Level 2.4 Spellcasting
 + Level 2.0 Conjurations
 + Level 2.0 Hexes
 + Level 2.0 Summonings
 + Level 2.0 Necromancy
 + Level 2.0 Translocations
 + Level 2.0 Transmutations
 + Level 2.0 Fire Magic
 + Level 2.0 Ice Magic
 + Level 2.0 Air Magic
 + Level 2.0 Earth Magic
 + Level 2.0 Poison Magic
 + Level 2.7 Invocations
 + Level 2.4 Evocations


You had 10 spell levels left.
You didn't know any spells.
Your spell library contained the following spells:

 Spells                   Type           Power      Damage    Failure   Level
 Sting                    Tmut/Pois      12%        1d3       99%         1
 Poisonous Vapours        Pois/Air       6%         N/A       100%        2
 Stone Arrow              Conj/Erth      6%         3d7       100%        3
 Animate Armour           Summ/Erth      6%         N/A       100%        4
 Olgreb's Toxic Radiance  Pois           3%         N/A       100%        4
 Lehudib's Crystal Spear  Conj/Erth      1%         10d2      100%        8


Dungeon Overview and Level Annotations

Branches:
Dungeon (5/15)             Temple (1/1) D:4

Altars:
Ashenzari
Dithmenos
Elyvilon
Fedhas
Gozag
Kikubaaqudgha
Qazlal
Ru
Sif Muna
Wu Jian
Yredelemnul
Zin


Innate Abilities, Weirdness & Mutations

You have very sharp teeth.
Your uncanny sense of smell can sniff out nearby items.
Your experience applies equally to all skills.


Message History

You feel better. You block the black bear's attack.
The black bear claws you but does no damage.
The black bear closely misses you. The hound bites you but does no damage.
Unknown command.
You hit the black bear but do no damage.
The black bear is almost dead.
You hit the hound.
You kill the hound!
The black bear bites you.
* * * LOW HITPOINT WARNING * * *
The black bear completely misses you.
The black bear claws you but does no damage.
The black bear bites you.
* * * LOW HITPOINT WARNING * * *
You block the black bear's attack. x2
Your Conjurations skill increases to level 2!
Your Hexes skill increases to level 2!
Your Summonings skill increases to level 2!
Your Necromancy skill increases to level 2!
Your Translocations skill increases to level 2!
Your Transmutations skill increases to level 2!
Your Fire Magic skill increases to level 2!
Your Ice Magic skill increases to level 2!
Your Air Magic skill increases to level 2!
Your Earth Magic skill increases to level 2!
Your Poison Magic skill increases to level 2!
You barely miss the black bear.
The black bear is almost dead.
The black bear closely misses you. You block the black bear's attack.
The black bear claws you but does no damage.
You closely miss the black bear.
The black bear is almost dead.
The black bear bites you but does no damage.
The black bear claws you.
* * * LOW HITPOINT WARNING * * *
The black bear claws you but does no damage.
Unknown command.
You feel better. The black bear bites you!
You die...
Your body crumbles into a pile of gold.

..##.............#.....#
.......#...#####.#.....#
.......###.# #.#.....# )......#
#.## #.#.....# .......# #..##
#.......#
.......####..#####.....#
.......#...............#
####...#...........#.#.# #
#...#.......$@h.#.#.#
####...#..[....$>..#.#.##########
.....###########$#.#...#........#
####.# #...# #.#.##.......###.#
#.# #...# #.#.#..........#.# #.#
#...# #.#.#........#.#.# #.#
#...#####.#.#........#.#.# ####.#
#...##........###.#....#.# ..##)#
#...##.......####.#.####.#


You could see a black bear (berserk).

Vanquished Creatures
  A black bear (D:3)
  A howler monkey (D:4)
  3 orc priests
  A jelly (D:4)
  3 hounds (D:4)
  An iguana (D:4)
  5 adders
  A worm (D:2)
  4 dart slugs
  16 orcs
  5 ball pythons
  6 bats
  6 endoplasms
  3 giant cockroaches
  7 goblins
  7 hobgoblins
  6 jackals
  3 quokkas
  3 frilled lizards
  5 kobolds
  5 rats
92 creatures vanquished.

Vanquished Creatures (others)
  2 plants
2 creatures vanquished.

Grand Total: 94 creatures vanquished

Notes
Turn   | Place    | Note
-------+----------+-------------------------------------------
     0 | D:1      | retardedninja the Gnoll Fighter began the quest for the
                  | Orb.
     0 | D:1      | Reached XP level 1. HP: 23/23 MP: 1/1
    60 | D:1      | Reached XP level 2. HP: 29/29 MP: 2/2
   517 | D:1      | Reached XP level 3. HP: 35/35 MP: 3/3
   979 | D:2      | Reached skill level 1 in Invocations
  1317 | D:2      | Reached skill level 1 in Short Blades
  1317 | D:2      | Reached skill level 1 in Long Blades
  1317 | D:2      | Reached skill level 1 in Maces & Flails
  1317 | D:2      | Reached skill level 1 in Polearms
  1317 | D:2      | Reached skill level 1 in Staves
  1317 | D:2      | Reached skill level 1 in Ranged Weapons
  1317 | D:2      | Reached skill level 1 in Throwing
  1317 | D:2      | Reached skill level 1 in Dodging
  1317 | D:2      | Reached skill level 1 in Stealth
  1317 | D:2      | Reached skill level 1 in Unarmed Combat
  1317 | D:2      | Reached skill level 1 in Spellcasting
  1317 | D:2      | Reached skill level 1 in Evocations
  1555 | D:2      | Reached XP level 4. HP: 41/41 MP: 5/5
  1756 | D:2      | Found a white marble altar of Elyvilon.
  1907 | D:3      | Reached skill level 1 in Conjurations
  1907 | D:3      | Reached skill level 1 in Hexes
  1907 | D:3      | Reached skill level 1 in Summonings
  1907 | D:3      | Reached skill level 1 in Necromancy
  1907 | D:3      | Reached skill level 1 in Translocations
  1907 | D:3      | Reached skill level 1 in Transmutations
  1907 | D:3      | Reached skill level 1 in Fire Magic
  1907 | D:3      | Reached skill level 1 in Ice Magic
  1907 | D:3      | Reached skill level 1 in Air Magic
  1907 | D:3      | Reached skill level 1 in Earth Magic
  1907 | D:3      | Reached skill level 1 in Poison Magic
  1936 | D:3      | Reached XP level 5. HP: 35/47 MP: 5/7
  2014 | D:3      | Found a faded altar of an unknown god.
  2246 | D:3      | Found a sacrificial altar of Ru.
  2284 | D:3      | Found a broken altar of Ashenzari.
  2388 | D:3      | Noticed a black bear
  2394 | D:3      | Killed a black bear
  2395 | D:3      | Reached XP level 6. HP: 49/53 MP: 8/8
  2771 | D:4      | Found a staircase to the Ecumenical Temple.
  2801 | Temple   | Entered the Ecumenical Temple
  2952 | Temple   | Became a worshipper of Gozag Ym Sagoz the Greedy
  2979 | D:4      | Reached skill level 5 in Axes
  3555 | D:4      | Found a shadowy altar of Dithmenos.
  3718 | D:4      | Found a blossoming altar of Fedhas.
  3725 | D:4      | Reached XP level 7. HP: 60/60 MP: 10/10
  3898 | D:5      | Entered Level 5 of the Dungeon
  3925 | D:4      | HP: 2/60 [black bear (5)]
  3926 | D:4      | Slain by a black bear

Illustrated notes

Levels and vault maps discovered:
D:1:      dpeg_arrival_rhombus, layout_loops_cross
D:2:      layout_basic, basic_altar, minmay_heptomino_d4
D:3:      cheibrodos_old_hovel, layout_basic, nicolae_ashenzari_skybound,
          nicolae_overflow_crystal_walls, hellmonk_ecumenical_altar_arch_garden
D:4:      layout_basic, mainiacjoe_overflow_small_starburst,
          nicolae_overflow_hidden_temple, minmay_temple_entry_statues_pillars,
          serial_bayou_crossing
D:5:      layout_gridville, mainiacjoe_overflow_tiny_flanked,
          grunt_temple_overflow_open, minivault_4, nicolae_sextant,
          minmay_misc_feat_columns, minmay_manual_macuahuitl, uniq_duvessa,
          uniq_menkaure
Temple:   hellmonk_temple_forest_ring

Skill      XL: |  1  2  3  4  5  6  7 |
---------------+----------------------+-----
Invocations    | 1 2 |  2.7
Short Blades   | 1 2 |  2.4
Long Blades    | 1 2 |  2.4
Maces & Flails | 1 2 |  2.4
Polearms       | 1 2 |  2.4
Staves         | 1 2 |  2.4
Ranged Weapons | 1 2 |  2.4
Throwing       | 1 2 |  2.4
Dodging        | 1 2 |  2.4
Stealth        | 1 2 |  2.4
Unarmed Combat | 1 2 |  2.4
Spellcasting   | 1 2 |  2.4
Evocations     | 1 2 |  2.4
Conjurations   | 1 2 |  2.0
Hexes          | 1 2 |  2.0
Summonings     | 1 2 |  2.0
Necromancy     | 1 2 |  2.0
Translocations | 1 2 |  2.0
Transmutations | 1 2 |  2.0
Fire Magic     | 1 2 |  2.0
Ice Magic      | 1 2 |  2.0
Air Magic      | 1 2 |  2.0
Earth Magic    | 1 2 |  2.0
Poison Magic   | 1 2 |  2.0
Axes           | 5 |  5.2
Fighting       | 7 |  7.0
Armour         | 7 |  7.0
Shields        | 7 |  7.0

Action                     |  1- 3 |  4- 6 |  7- 9 || total
---------------------------+-------+-------+-------++-------
  Melee: War axe           |   111 |   158 |    21 ||   290
         Bite              |     8 |    11 |     1 ||    20
    Use: Scroll            |       |     4 |       ||     4
         Potion            |       |       |     8 ||     8
   Stab: Distracted        |       |     1 |       ||     1
 Armour: Scale mail        |    54 |    18 |       ||    72
         Chain mail        |       |    57 |    51 ||   108
  Dodge: Dodged            |    48 |    54 |    22 ||   124
  Block: Buckler           |    29 |    19 |       ||    48
         Kite shield       |       |    39 |    43 ||    82

Table legend: (Time is in decaauts)
 A = Elapsed time spent in this place.
 B = Non-inter-level travel time spent in this place.
 C = Inter-level travel time spent in this place.
 D = Time resting spent in this place.
 E = Time spent auto-exploring this place.
 F = Levels seen in this place.
 G = Mean time per level.
                   A        B        C        D        E       F      G
               +--------+--------+--------+--------+--------+-----+--------+
         Total |   4028 |   3893 |    135 |    353 |   2780 |   6 |  671.3 |
       Dungeon |   3858 |   3740 |    118 |    353 |   2639 |   5 |  771.6 |
        Temple |    169 |    152 |     17 |      0 |    141 |   1 |  169.0 |
               +--------+--------+--------+--------+--------+-----+--------+

Top non-repeatable levels by time:
     D:2: 1082 daAuts
     D:4: 1020 daAuts
     D:3: 947 daAuts
     D:1: 802 daAuts
  Temple: 169 daAuts
     D:5: 5 daAuts
